 Dungeon Crawl Stone Soup version 0.30-a0-1176-gcdfb0321a8 (webtiles) character file.

Game seed: 16874917668662096199

311 Dadi the Conjurer (level 6, -3/32 HPs)
             Began as a Deep Elf Conjurer on Apr 29, 2023.
             Killed from afar by Ijyb (9 damage)
             ... with a puff of flame
             ... on level 5 of the Dungeon.
             The game lasted 00:05:44 (3000 turns).

Dadi the Conjurer (Deep Elf Conjurer)               Turns: 3000, Time: 00:05:45

Health: -3/32      AC:  2    Str:  4    XL:     6   Next: 18%
Magic:  10/17      EV: 13    Int: 31    God:
Gold:   152        SH:  0    Dex: 13    Spells: 11/17 levels left

rFire   . . .        g - +0 short sword
rCold   . . .        (no shield)
rNeg    . . .        a - +0 robe
rPois   .            (no helmet)
rElec   .            (no cloak)
rCorr   .            (no gloves)
SInv    .            (no boots)
Will    .....        j - amulet of magic regeneration
Stlth   ++           s - +6 ring of intelligence
HPRegen 0.25/turn    (no ring)
MPRegen 0.55/turn

%: no passive effects
@: no status effects
A: no striking features
a: no special abilities


You were on level 5 of the Dungeon.
You visited 1 branch of the dungeon, and saw 5 of its levels.

You collected 152 gold pieces.

Inventory:

Hand Weapons
 e - a +0 whip
 g - a +0 short sword (weapon)
Armour
 a - a +0 robe (worn)
Jewellery
 j - an amulet of magic regeneration (around neck)
 n - an amulet of regeneration
 s - a +6 ring of intelligence (left hand)
 u - an amulet of the acrobat
Scrolls
 d - 5 scrolls of identify {unknown}
 f - 2 scrolls of poison {unknown}
 i - 2 scrolls of immolation {unknown}
 m - 3 scrolls of enchant weapon {unknown}
 t - a scroll of blinking {unknown}
 w - a scroll of teleportation {unknown}
Potions
 b - 3 potions of magic
 c - a potion of brilliance {unknown}
 h - 2 potions of degeneration {unknown}
 k - a potion of resistance {unknown}
 l - a potion of heal wounds {unknown}
 o - a potion of flight {unknown}
 p - a potion of invisibility {unknown}
 q - a potion of haste {unknown}
 r - a potion of ambrosia {unknown}
 v - a potion of cancellation {unknown}


   Skills:
 + Level 3.4 Dodging
 - Level 2.4 Stealth
 - Level 6.0 Spellcasting
 - Level 6.1 Conjurations
 + Level 2.3 Hexes


You had 11 spell levels left.
You knew the following spells:

 Your Spells              Type           Power      Damage    Failure   Level
a - Magic Dart            Conj           100%       1d8       1%          1
b - Dazzling Flash        Conj/Hex       70%        N/A       2%          3
c - Searing Ray           Conj           94%        2d7       1%          2

Your spell library contained the following spells:

 Spells                   Type           Power      Damage    Failure   Level
 Sting                    Tmut/Pois      36%        1d4       4%          1
 Poisonous Vapours        Pois/Air       18%        N/A       8%          2
 Fulminant Prism          Conj/Hex       17%        3d10      9%          4
 Iskenderun's Mystic Bla  Conj/Tloc      28%        2d7       14%         4
 Olgreb's Toxic Radiance  Pois           9%         N/A       43%         4


Dungeon Overview and Level Annotations

Branches:
Dungeon (6/15)
 Temple: D:4-7

Altars:
Qazlal

Shops:
D:2 :

Annotations:
D:5 3 runed translucent doors, Ijyb; Morbidden's ghost, novice FoGl


Message History

Ijyb zaps a wand.
The puff of flame hits you!
Ijyb is nearby!
Ijyb is nearby!
The magic dart hits Ijyb.
Ijyb is lightly wounded.
The magic dart hits Ijyb.
Ijyb is lightly wounded.
The magic dart hits Ijyb but does no damage.
Ijyb is lightly wounded.
Ijyb hits you with a +3 dagger.
The magic dart hits Ijyb.
Ijyb is moderately wounded.
Ijyb hits you with a +3 dagger.
You are too injured to fight recklessly!
You are too injured to fight recklessly!
You are too injured to fight recklessly!
You are too injured to fight recklessly!
Casting: Magic Dart (safe; 1% risk of failure)
Confirm with . or Enter, or press ? or * to list all spells.
Casting: Dazzling Flash (dangerous; 2% risk of failure)
Press: ? - help, Dir - look around, f - activate Ijyb is dazzled.
Ijyb hits you with a +3 dagger.
* * * LOW HITPOINT WARNING * * *
Casting: Dazzling Flash (dangerous; 2% risk of failure)
Confirm with . or Enter, or press ? or * to list all spells.
Aiming: Searing Ray (safe; 1% risk of failure)
Press: ? - help, Shift-Dir - straight line, f - Ijyb
Aim: Ijyb, wielding a +3 dagger, wearing a +2 leather armour of fire resistance and carrying a wand of flame (4) (moderately wounded, blind, 77% to hit)
The searing ray misses Ijyb. (Press . to maintain the ray.) Ijyb hits you with a +3 dagger.
* * * LOW HITPOINT WARNING * * *
The searing ray hits Ijyb but does no damage.
Ijyb is moderately wounded.
Ijyb grins evilly.
Ijyb misses you.
The searing ray hits Ijyb.
Ijyb is heavily wounded.
Ijyb zaps a wand.
The puff of flame hits you!
You die...

#.##...#
#.....#
#.##.#.#
#.....#
#.##.#.#
#######
#......###
####.###..
#.# .#
##.## .#
#...##g#
#.#..@.#
#...####
#####


You could see Ijyb (blind).

Vanquished Creatures
  A water moccasin (D:5)
  A scorpion (D:5)
  A hound (D:6)
  An orc wizard (D:5)
  3 adders
  A white imp (D:5)
  2 worms (D:2)
  3 dart slugs
  3 orcs (D:5)
  6 bats
  5 endoplasms
  4 goblins
  5 hobgoblins
  6 ball pythons
  A frilled lizard (D:2)
  2 kobolds (D:1)
  6 rats
51 creatures vanquished.

Notes
Turn   | Place    | Note
-------+----------+-------------------------------------------
     0 | D:1      | Dadi the Deep Elf Conjurer began the quest for the Orb.
     0 | D:1      | Reached XP level 1. HP: 10/10 MP: 6/6
   269 | D:1      | Reached XP level 2. HP: 15/15 MP: 3/8
  1169 | D:2      | Reached skill level 5 in Conjurations
  1169 | D:2      | Reached XP level 3. HP: 19/19 MP: 6/10
  1197 | D:2      | Learned a level 3 spell: Dazzling Flash
  1200 | D:2      | Learned a level 2 spell: Searing Ray
  1482 | D:2      | Found Ciylo's Book Shoppe.
  1946 | D:3      | Reached XP level 4. HP: 24/24 MP: 10/12
  2086 | D:3      | You fall into a shaft and drop 3 floors!
  2162 | D:6      | Noticed a scorpion
  2185 | D:6      | Noticed a scorpion
  2226 | D:6      | Reached skill level 5 in Spellcasting
  2292 | D:6      | Noticed a water moccasin
  2296 | D:5      | Entered Level 5 of the Dungeon
  2303 | D:5      | Killed a water moccasin
  2304 | D:5      | Reached XP level 5. HP: 5/28 MP: 10/15
  2420 | D:5      | Reached skill level 1 in Hexes
  2457 | D:5      | Reached XP level 6. HP: 24/32 MP: 14/17
  2586 | D:5      | Found a stormy altar of Qazlal.
  2714 | D:5      | Found a runed translucent gate.
  2755 | D:5      | Noticed Morbidden's ghost (novice FoGl)
  2782 | D:5      | Found a runed translucent gate.
  2782 | D:5      | Found a runed translucent gate.
  2992 | D:5      | Noticed Ijyb
  3000 | D:5      | Killed from afar by Ijyb

Illustrated notes

Levels and vault maps discovered:
D:1:      dpeg_arrival_round_c, layout_basic
D:2:      layout_loops_cross, serial_shops, shop
D:3:      layout_loops_corners, nicolae_ashenzari_panopticon,
          okawaru_gym_becter, shapermc_ecumenical_altar_mp_ritualfount
D:5:      layout_loops_cross, lemuel_round_altar, gammafunk_ghost_icy,
          small_statue_intersection, uniq_ijyb
D:6:      layout_loops_ring, hangedman_decor_opposing, nicolae_fountain_basement

Skill      XL: |  1  2  3  4  5  6 |
---------------+-------------------+-----
Spellcasting   | 4 6 |  6.0
Conjurations   | 5 6 |  6.1
Dodging        | 3 |  3.4
Hexes          | 1 2 |  2.3
Stealth        | |  2.4

Action                     |  1- 3 |  4- 6 || total
---------------------------+-------+-------++-------
  Melee: Unarmed           |     4 |       ||     4
   Cast: Magic Dart        |    79 |    47 ||   126
         Dazzling Flash    |       |     1 ||     1
         Searing Ray       |       |     1 ||     1
 Armour: Robe              |     9 |     3 ||    12
  Dodge: Dodged            |    28 |     6 ||    34

Table legend: (Time is in decaauts)
 A = Elapsed time spent in this place.
 B = Non-inter-level travel time spent in this place.
 C = Inter-level travel time spent in this place.
 D = Time resting spent in this place.
 E = Time spent auto-exploring this place.
 F = Levels seen in this place.
 G = Mean time per level.
                   A        B        C        D        E       F      G
               +--------+--------+--------+--------+--------+-----+--------+
         Total |   2997 |   2863 |    134 |    159 |   2277 |   5 |  599.4 |
       Dungeon |   2997 |   2863 |    134 |    159 |   2277 |   5 |  599.4 |
               +--------+--------+--------+--------+--------+-----+--------+

Top non-repeatable levels by time:
     D:1: 1023 daAuts
     D:2: 917 daAuts
     D:5: 703 daAuts
     D:6: 209 daAuts
     D:3: 143 daAuts
